 Dungeon Crawl Stone Soup version 0.28.0-53-g5a82cb258f (webtiles) character file.

Game seed: 5982309327385713631

2785 MiltankisOP the Transmogrifier (level 9, -6/73 (74) HPs)
             Began as a Green Draconian Transmuter on June 20, 2022.
             Was a Believer of Fedhas.
             Mangled by a two-headed ogre
             ... wielding a +0 giant spiked club
              (23 damage)
             ... on level 8 of the Dungeon.
             The game lasted 00:28:41 (10389 turns).

MiltankisOP the Transmogrifier (DrTm)              Turns: 10389, Time: 00:28:42

HP:   -6/73 (74)    AC: 10    Str: 13    XL:     9   Next: 43%
MP:   16/16         EV: 12    Int: 18    God:    Fedhas [**....]
Gold: 377           SH:  0    Dex: 11    Spells: 12/18 levels left

rFire   . . .      SeeInvis .   F - +2 falchion (holy)
rCold   . . .      Faith    .   (no shield)
rNeg    . . .      Spirit   .   (armour unavailable)
rPois   +          Reflect  .   (helmet currently unavailable)
rElec   .          Harm     .   i - +2 cloak
rCorr   .          Rampage  .   (no gloves)
Will    .....                   (boots currently unavailable)
Stlth   +.........              (no amulet)
HPRegen 0.22/turn               (no ring)
MPRegen 0.15/turn               (no ring)

@: short of breath, appendages, lightly drained
A: horns 2, talons 2, breathe noxious fumes, AC +7, unfitting armour, poison
resistance, cold-blooded
a: Breathe Noxious Fumes, End Transformation, Renounce Religion, Wall of Briars


You were on level 8 of the Dungeon.
You worshipped Fedhas.
Fedhas was pleased with you.
You had temporarily grown beastly horns and talons.
You visited 2 branches of the dungeon, and saw 9 of its levels.

You collected 377 gold pieces.

Inventory:

Hand Weapons
 F - a +2 falchion of holy wrath (weapon)
Missiles
 y - a throwing net
Armour
 i - a +2 cloak (worn)
Jewellery
 b - a ring of positive energy
 h - a ring of flight
 l - an amulet of the acrobat
 n - a ring of wizardry
 v - a ring of protection from cold
 D - an amulet of magic regeneration
Wands
 m - a wand of polymorph (8)
 w - a wand of charming (1)
Scrolls
 a - 3 scrolls of enchant weapon {unknown}
 d - 2 scrolls of enchant armour {unknown}
 f - a scroll of blinking {unknown}
 g - a scroll of fear {unknown}
 j - 3 scrolls of magic mapping {unknown}
 k - a scroll of amnesia {unknown}
 p - 3 scrolls of noise {unknown}
 q - a scroll of holy word {unknown}
 r - 3 scrolls of teleportation {unknown}
 s - a scroll of summoning {unknown}
 A - a scroll of acquirement {unknown}
 C - a scroll of silence {unknown}
 E - a scroll of identify
Potions
 c - 3 potions of attraction
 e - 2 potions of degeneration
 o - 2 potions of curing
 t - 2 potions of might
 u - a potion of mutation
 x - a potion of flight
 z - a potion of lignification
 B - a potion of haste


   Skills:
 - Level 5.0 Fighting
 - Level 1.7 Dodging
 - Level 3.0 Unarmed Combat
 - Level 5.0 Spellcasting
 - Level 9.3 Transmutations
 + Level 4.5 Ice Magic
 - Level 5.0 Poison Magic


You had 12 spell levels left.
You knew the following spells:

 Your Spells              Type           Power      Damage    Failure   Level
a - Beastly Appendage     Tmut           76%        N/A       1%          1
b - Wereblood             Tmut           38%        N/A       1%          2
c - Spider Form           Tmut/Pois      30%        N/A       2%          3

Your spell library contained the following spells:

 Spells                   Type           Power      Damage    Failure   Level
 Ice Form                 Ice/Tmut       29%        N/A       8%          4
 Stone Arrow              Conj/Erth      8%         3d7       36%         3
 Lehudib's Crystal Spear  Conj/Erth      2%         10d2      100%        8
 Animate Armour           Summ/Erth      Unusable   N/A       N/A         4

Dungeon Overview and Level Annotations

Branches:
Dungeon (8/15)             Temple (1/1) D:5
   Lair: D:8-11

Altars:
Ashenzari
Cheibriados
Dithmenos
Elyvilon
Fedhas
Gozag
Kikubaaqudgha
Makhleb
Nemelex Xobeh
Okawaru
Qazlal
Ru
Sif Muna
Trog
Uskayaw
Vehumet
Wu Jian
Xom
Yredelemnul
Zin
The Shining One

Shops:
D:4 [


Innate Abilities, Weirdness & Mutations

You have temporarily grown beastly horns and talons.
You can breathe blasts of noxious fumes.
Your lurid green scales are hard. (AC +7)
You cannot fit into any form of body armour.
Your system is resistant to poisons. (rPois)
You are cold-blooded and may be slowed by cold attacks.


Message History

You grow a pair of large bovine horns.
Your feet morph into talons.
You barely miss the two-headed ogre. You claw the two-headed ogre.
You tail-slap the two-headed ogre.
The two-headed ogre is lightly wounded.
The two-headed ogre hits you with a +0 giant spiked club!
The two-headed ogre closely misses you.
You hit the two-headed ogre.
The two-headed ogre is moderately wounded.
The two-headed ogre seems less confused.
The two-headed ogre hits you but does no damage.
The two-headed ogre hits you with a +0 giant club!
You hit the two-headed ogre. Your kick misses the two-headed ogre.
You headbutt the two-headed ogre.
The two-headed ogre is moderately wounded.
The two-headed ogre hits you with a +0 giant spiked club!
The two-headed ogre hits you with a +0 giant club!
You are too injured to fight recklessly!
You hit the two-headed ogre. Your kick misses the two-headed ogre.
You headbutt the two-headed ogre.
The two-headed ogre is moderately wounded.
The two-headed ogre barely misses you. x2
You slash the two-headed ogre!
Your headbutt misses the two-headed ogre.
The two-headed ogre is heavily wounded.
The two-headed ogre completely misses you.
The two-headed ogre hits you with a +0 giant club!!
* * * LOW HITPOINT WARNING * * *
Found a hide-covered altar of Uskayaw.
You have got your breath back.
Aiming: Breathe Noxious Fumes (4% risk of failure)
Press: ? - help, Shift-Dir - straight line, f/p - two-headed ogre
Aim: a two-headed ogre, wielding a +0 giant spiked club and a +0 giant club (heavily wounded, 81% to hit)
You exhale a blast of noxious fumes.
The blast of choking fumes hits the two-headed ogre!
The two-headed ogre is severely wounded.
The two-headed ogre is engulfed in noxious fumes.
The two-headed ogre barely misses you.
The two-headed ogre hits you with a +0 giant club!!
You die...
Fedhas appreciates your contribution to the ecosystem.

.._ # ...8_.
#. ####..._..
#.##.........
#.#.......#.#
#...........#
#..........#
#..@.......#
##..O<.....#
#...☼.....#
........○...##
##.#.....☼.$.#
...#......☼..#
###
#.......○.#
#.........#
#.../.....#


You could see a two-headed ogre.

Vanquished Creatures
  2 kobold demonologists (D:6)
  Prince Ribbit (D:5)
  An orc warrior (D:7)
  An ice beast (D:6)
  A necrophage (D:6)
  4 ogres
  A centaur (D:6)
  A phantom (D:5)
  2 kobold brigands
  A bullfrog (D:6)
  A wyvern zombie (D:4)
  2 scorpions (D:5)
  3 killer bees
  3 wights
  A centaur zombie (D:8)
  A bullfrog zombie (D:6)
  A centaur skeleton (D:6)
  A jelly (D:6)
  A gnoll shaman (D:8)
  A hound (D:6)
  An orc priest (D:8)
  A bullfrog skeleton (D:6)
  An orc wizard (D:7)
  7 iguanas
  A hound skeleton (D:4)
  A howler monkey zombie (D:8)
  4 gnolls (D:8)
  4 adders
  2 white imps (D:6)
  An ufetubus (D:6)
  5 dart slugs
  11 orcs
  7 ball pythons
  7 endoplasms
  9 giant cockroaches
  8 hobgoblins
  6 jackals
  14 kobolds
  4 quokkas
  4 bats
  6 frilled lizards
  4 goblins
  4 rats
142 creatures vanquished.

Vanquished Creatures (collateral kills)
  An orc priest (D:7)
  2 orcs (D:7)
3 creatures vanquished.

Vanquished Creatures (others)
  A killer bee (D:8)
  5 plants (D:1)
6 creatures vanquished.

Grand Total: 151 creatures vanquished

Notes
Turn   | Place    | Note
-------+----------+-------------------------------------------
     0 | D:1      | MiltankisOP the Draconian Transmuter began the quest for
                  | the Orb.
     0 | D:1      | Reached XP level 1. HP: 16/16 MP: 3/3
   454 | D:1      | Reached XP level 2. HP: 24/24 MP: 3/5
  1106 | D:1      | Reached XP level 3. HP: 28/30 MP: 4/6
  1326 | D:2      | Reached skill level 3 in Transmutations
  1364 | D:2      | HP: 1/30 [poisoned by an adder]
  1913 | D:2      | Reached XP level 4. HP: 36/38 MP: 5/7
  2869 | D:3      | Found a large runed translucent door.
  2870 | D:3      | Found a large runed translucent door.
  3432 | D:3      | Found a burning altar of Makhleb.
  3441 | D:3      | Found a snail-covered altar of Cheibriados.
  3515 | D:4      | Found Zaaq's Armour Emporium.
  3695 | D:4      | Reached skill level 4 in Transmutations
  3695 | D:4      | Reached XP level 5. HP: 8/46 MP: 8/8
  4129 | D:4      | Reached XP level 6. HP: 48/53 MP: 9/9
  4245 | D:5      | Entered Level 5 of the Dungeon
  4596 | D:5      | Reached skill level 5 in Fighting
  4596 | D:5      | Reached skill level 5 in Transmutations
  5144 | D:5      | Noticed Prince Ribbit
  5444 | D:5      | Your scales start taking on a lurid green colour.
  5444 | D:5      | Reached XP level 7. HP: 55/61 MP: 12/12
  5444 | D:5      | Gained mutation: Your system is resistant to poisons.
                  | (rPois) [Green Draconian growth]
  5659 | D:5      | Found a staircase to the Ecumenical Temple.
  5668 | Temple   | Entered the Ecumenical Temple
  5912 | Temple   | Became a worshipper of Fedhas Madash
  6005 | D:5      | Killed Prince Ribbit
  6006 | D:5      | Reached skill level 5 in Spellcasting
  6006 | D:5      | Reached skill level 1 in Poison Magic
  6723 | D:6      | Reached XP level 8. HP: 66/68 MP: 15/15
  6739 | D:6      | Reached skill level 5 in Poison Magic
  6740 | D:6      | Noticed a kobold demonologist
  6792 | D:6      | Noticed a sun demon
  7101 | D:6      | Noticed a red devil
  7222 | D:6      | Reached skill level 6 in Transmutations
  7485 | D:6      | Found a shimmering blue altar of Sif Muna.
  7512 | D:6      | Noticed a kobold demonologist
  7516 | D:6      | Noticed an ice devil
  7566 | D:6      | Noticed a sun demon
  7570 | D:6      | Killed a kobold demonologist
  7571 | D:6      | Reached skill level 7 in Transmutations
  7574 | D:6      | Learned a level 2 spell: Wereblood
  7578 | D:6      | Learned a level 3 spell: Spider Form
  7718 | D:6      | Killed a kobold demonologist
  7718 | D:6      | Reached * piety under Fedhas
  7719 | D:6      | Reached skill level 8 in Transmutations
  7954 | D:6      | Reached XP level 9. HP: 38/74 MP: 13/16
  8004 | D:6      | Reached skill level 9 in Transmutations
  8793 | D:7      | Noticed a gargoyle
  9228 | D:7      | Reached skill level 1 in Ice Magic
  9883 | D:8      | Reached ** piety under Fedhas
 10378 | D:8      | Noticed a two-headed ogre
 10378 | D:8      | Found a shimmering altar of Xom.
 10378 | D:8      | Found an iron altar of Okawaru.
 10388 | D:8      | Found a hide-covered altar of Uskayaw.
 10389 | D:8      | Mangled by a two-headed ogre

Illustrated notes

Levels and vault maps discovered:
D:1:      roderic_crop_circles_arrival_small, layout_loops_cross
D:2:      layout_basic
D:3:      layout_basic, jmf_multi_god_temple2
D:4:      layout_basic, serial_shops,
          nicolae_shop_temple_entry_statues_fountains
D:5:      layout_loops_corners, lemuel_temple_firewalk_a, uniq_prince_ribbit1
D:6:      layout_basic, lemuel_blue_sif_altar
D:7:      layout_loops_cross, nicolae_benzene_ring
D:8:      layout_rooms, nicolae_hepliaklqana_hippocampus,
          chequers_temple_overflow_statue_of_worship
Temple:   regret_index_temple_waves

Skill      XL: |  1  2  3  4  5  6  7  8  9 |
---------------+----------------------------+-----
Fighting       | 2 3 4 5 |  5.0
Transmutations | 3 4 5 8 9 |  9.3
Spellcasting   | 3 5 |  5.0
Poison Magic   | 4 5 |  5.0
Ice Magic      | 4 |  4.5
Dodging        | |  1.7
Unarmed Combat | |  3.0

Action                   |  1- 3 |  4- 6 |  7- 9 || total
-------------------------+-------+-------+-------++-------
Melee: Unarmed           |   107 |   183 |   236 ||   526
       Kick              |    19 |    48 |    80 ||   147
       Headbutt          |    16 |    29 |    56 ||   101
       Punch             |     1 |     5 |     7 ||    13
       Tailslap          |     9 |    24 |    43 ||    76
       Falchion          |       |       |    15 ||    15
 Cast: Beastly Appendage |    26 |    35 |    30 ||    91
       Wereblood         |       |       |     4 ||     4
       Spider Form       |       |       |     2 ||     2
 Abil: Breathe Noxious F |       |       |    15 ||    15
Evoke: Wand              |       |       |     5 ||     5
  Use: Scroll            |       |     2 |     6 ||     8
 Stab: Distracted        |     1 |       |       ||     1
       Confused          |       |       |     6 ||     6
Armor: Skin              |    30 |    60 |    95 ||   185
Dodge: Dodged            |    46 |   104 |   190 ||   340
